 Dungeon Crawl Stone Soup version 0.30.1 (webtiles) character file.

Game seed: 8904283060050889097

1079 hawla the Firebug (level 8, -5/59 HPs)
             Began as a Meteoran Fire Elementalist on July 9, 2023.
             Slain by Pikel
             ... wielding a +2 whip of freezing
              (6 damage)
             ... on level 6 of the Dungeon.
             The game lasted 00:08:01 (1538 turns).

hawla the Firebug (Meteoran Fire Elementalist)      Turns: 1538, Time: 00:08:02

Health: -5/59      AC:  4    Str: 10    XL:     8   Next: 85%
Magic:  18/19      EV: 13    Int: 18    God:
Gold:   255        SH:  0    Dex: 15    Spells: 14/21 levels left

rFire   . . .        q - +0 flail
rCold   + . .        (no shield)
rNeg    . . .        a - +0 robe
rPois   .            h - +0 helmet
rElec   .            (no cloak)
rCorr   .            g - +0 pair of gloves
SInv    .            (no boots)
Will    +....        (no amulet)
Stlth   +            k - ring of protection from cold
HPRegen 0.29/turn    m - ring of flight
MPRegen 0.16/turn

%: no passive effects
@: flying, very slightly contaminated, glowing
A: sense surroundings 1, otherworldly, glowing, explore regen
a: no special abilities


You were on level 6 of the Dungeon.
You visited 1 branch of the dungeon, and saw 6 of its levels.

You collected 255 gold pieces.

Inventory:

Hand Weapons
 q - a +0 flail (weapon)
Armour
 a - a +0 robe (worn)
 g - a +0 pair of gloves (worn)
 h - a +0 helmet (worn)
Jewellery
 k - a ring of protection from cold (left hand)
 m - a ring of flight (right hand)
 s - a +6 ring of strength
Scrolls
 e - a scroll of enchant armour
 f - a scroll of blinking {unknown}
 i - a scroll of vulnerability
 l - a scroll of fear {unknown}
 n - a scroll of teleportation
 o - a scroll of identify
Potions
 b - a potion of magic
 c - a potion of invisibility {unknown}
 d - a potion of curing {unknown}
 j - a potion of degeneration {unknown}
 p - a potion of ambrosia
 r - a potion of haste {unknown}
 t - a potion of berserk rage {unknown}


   Skills:
 + Level 1.0 Fighting
 + Level 2.2 Maces & Flails
 + Level 3.5 Dodging
 - Level 1.4 Stealth
 + Level 7.1 Spellcasting
 + Level 5.4 Conjurations
 + Level 7.2 Fire Magic


You had 14 spell levels left.
You knew the following spells:

 Your Spells              Type           Power      Damage    Failure   Level
a - Foxfire               Conj/Fire      100%       2x1d9     1%          1
b - Scorch                Fire           64%        2d7       1%          2
c - Flame Wave            Conj/Fire      29%        2d9       8%          4

Your spell library contained the following spells:

 Spells                   Type           Power      Damage    Failure   Level
 Inner Flame              Hex/Fire       19%        N/A       7%          3
 Volatile Blastmotes      Fire/Tloc      38%        2d13      7%          3


Dungeon Overview and Level Annotations

Branches:
Dungeon (6/15) Zot: 2049
 Temple: D:4-7

Altars:
Gozag
Kikubaaqudgha
Wu Jian
Xom

Annotations:
D:6 Pikel


Innate Abilities, Weirdness & Mutations

You passively map a small area around you.
You are easily found by Zot.
You glow in the dark.
You regain HP and MP as you explore.


Message History

Confirm with . or Enter, or press ? or * to list all spells.
Casting: Flame Wave (dangerous; 8% risk of failure)
Press: ? - help, Dir - look around, f - activate You miscast Flame Wave.
Sparks fly from your hands! Pikel barely misses you.
Unknown command.
You hit Pikel.
Pikel is heavily wounded.
Pikel hits you with a +2 whip of freezing!
Pikel freezes you.
You closely miss Pikel.
Pikel is heavily wounded.
Pikel misses you.
You miss Pikel.
Pikel is heavily wounded.
Pikel hits you with a +2 whip of freezing.
* * * LOW HITPOINT WARNING * * *
Pikel hits you with a +2 whip of freezing!
* * * LOW HITPOINT WARNING * * *
Pikel freezes you.
* * * LOW HITPOINT WARNING * * *
It was a potion of ambrosia.
You are confused.
You feel invigorated.
Pikel zaps a wand.
You easily resist.
Okay, then.
You bump into the rock wall.
Pikel hits you with a +2 whip of freezing.
* * * LOW HITPOINT WARNING * * *
Unknown command.
You sock Pikel!
Pikel is severely wounded.
You feel less invigorated.
You feel less confused.
Pikel hits you with a +2 whip of freezing!
* * * LOW HITPOINT WARNING * * *
Pikel freezes you.
* * * LOW HITPOINT WARNING * * *
You closely miss Pikel.
Pikel is severely wounded.
Pikel hits you with a +2 whip of freezing.
You die...

###### .....# ####.#
#.# #.# #.# ##
#.#################
.###............@K55.#
.'...........#######.#
.####...####.#
........# #.#
........# #.# *
.....#######.# *
.............#
.############# ** *
......,, ,, ,


You could see Pikel and 2 lemures.

Vanquished Creatures
  Menkaure (D:4)
  An ice beast (D:5)
  A centaur (D:6)
  2 phantoms
  2 lemures (D:6)
  A kobold brigand (D:6)
  2 scorpions (D:5)
  2 orc priests (D:6)
  2 hounds (D:5)
  4 iguanas
  3 sleepcaps
  An orc wizard (D:6)
  2 gnolls (D:4)
  4 adders
  2 worms
  14 orcs
  3 bats
  6 endoplasms
  A goblin (D:1)
  3 hobgoblins
  8 jackals
  2 ball pythons
  7 kobolds
  A rat (D:2)
75 creatures vanquished.

Vanquished Creatures (others)
  110 foxfires
110 creatures vanquished.

Grand Total: 185 creatures vanquished

Notes
Turn   | Place    | Note
-------+----------+-------------------------------------------
     0 | D:1      | hawla the Meteoran Fire Elementalist began the quest for
                  | the Orb.
     0 | D:1      | Reached XP level 1. HP: 14/14 MP: 5/5
    63 | D:1      | Reached XP level 2. HP: 19/20 MP: 4/6
    70 | D:1      | Learned a level 2 spell: Scorch
   126 | D:2      | Reached XP level 3. HP: 22/26 MP: 3/8
   214 | D:4      | Reached XP level 4. HP: 33/33 MP: 5/10
   239 | D:4      | Learned a level 4 spell: Flame Wave
   264 | D:4      | Noticed a phantom
   271 | D:4      | Killed a phantom
   272 | D:4      | Reached XP level 5. HP: 35/38 MP: 3/11
   329 | D:5      | Entered Level 5 of the Dungeon
   346 | D:4      | Noticed Menkaure
   350 | D:4      | Killed Menkaure
   351 | D:4      | Reached skill level 5 in Fire Magic
   351 | D:4      | Reached XP level 6. HP: 45/45 MP: 7/13
   370 | D:4      | Found an ornate altar of the Wu Jian Council.
   504 | D:4      | Found a shimmering altar of Xom.
   510 | D:4      | Reached XP level 7. HP: 30/50 MP: 1/14
   806 | D:5      | Reached skill level 5 in Conjurations
   817 | D:5      | Reached skill level 5 in Spellcasting
   896 | D:5      | Found an ancient bone altar of Kikubaaqudgha.
  1015 | D:5      | Reached XP level 8. HP: 57/57 MP: 10/18
  1023 | D:5      | Found an opulent altar of Gozag.
  1358 | D:6      | Reached skill level 1 in Maces & Flails
  1464 | D:6      | Reached skill level 1 in Fighting
  1521 | D:6      | Noticed Pikel
  1537 | D:6      | HP: 2/59 [Pikel/+2 whip of freezing (12)]
  1538 | D:6      | Slain by Pikel

Illustrated notes

Levels and vault maps discovered:
D:1:      minmay_arrival_checkered_box, layout_rooms, roderic_cross_of_infinity
D:2:      layout_rooms, basic_altar, uniq_crazy_yiuf_cottage
D:3:      layout_basic, mainiacjoe_overflow_large_starburst, slow_altar_2
D:4:      layout_rooms, tgw_xom, nicolae_wu_jian_wuxing_cycle,
          grunt_ministairs_5, uniq_menkaure
D:5:      layout_basic, nicolae_gozag_seed_capital,
          nicolae_kikubaaqudgha_miasma_corner
D:6:      layout_basic, mainiacjoe_overflow_catwalk, uniq_eustachio, uniq_pikel,
          uniq_edmund

Skill      XL: |  1  2  3  4  5  6  7  8 |
---------------+-------------------------+-----
Fire Magic     | 4 5 6 7 |  7.2
Spellcasting   | 3 4 6 7 |  7.1
Conjurations   | 4 5 |  5.4
Dodging        | 3 |  3.5
Maces & Flails | 2 |  2.2
Fighting       | 1 |  1.0
Stealth        | |  1.4

Action                     |  1- 3 |  4- 6 |  7- 9 || total
---------------------------+-------+-------+-------++-------
  Melee: Whip              |     2 |     3 |     4 ||     9
         Flail             |       |       |    25 ||    25
         Punch             |       |       |     1 ||     1
   Cast: Foxfire           |    25 |    13 |    26 ||    64
         Scorch            |     3 |    12 |    29 ||    44
         Flame Wave        |       |     1 |     8 ||     9
    Use: Scroll            |       |       |     3 ||     3
         Potion            |       |       |     1 ||     1
 Armour: Robe              |     3 |     4 |    19 ||    26
  Dodge: Dodged            |     8 |     7 |    44 ||    59
